 Dungeon Crawl Stone Soup version 0.20-a0-945-g3bf614a (webtiles) character file.

2991 Krakonus1 the Unseen (level 9, -3/56 HPs)
             Began as an Octopode Fighter on Apr 1, 2017.
             Was an Initiate of Gozag.
             Slain by an ice beast (6 damage)
             ... on level 8 of the Dungeon.
             The game lasted 00:52:40 (9516 turns).

Krakonus1 the Unseen (Octopode Fighter)             Turns: 9516, Time: 00:52:42

Health: -3/56      AC:  1    Str: 13 (15) XL:     9   Next: 83%
Magic:  9/9        EV: 15    Int:  8      God:    Gozag
Gold:   872        SH: 10    Dex: 17 (18) Spells: 6/8 levels left

rFire    . . .     SeeInvis .   a - +2 rapier (freeze)
rCold    . . .     Gourm    .   b - +1 shield
rNeg     . . .     Faith    .   (helmet restricted)
rPois    .         Spirit   .   (no amulet)
rElec    +         Reflect  .   j - ring of stealth
rCorr    .         Harm     .   k - +3 ring of dexterity
MR       .....                  (no ring)
Stlth    ++++++++..             (no ring)
Regen    0.2/turn               (no ring)
MPRegen  0.2/turn               (no ring)
                                (no ring)
                                (no ring)

@: gold aura
A: almost no armour, stealthy swim, amphibious, 8 rings, constrict 8, tentacle
spike 1, repulsion field 1, camouflage 1, dopey 1, electricity resistance,
gelatinous body 1
a: Potion Petition, Call Merchant, Bribe Branch, Renounce Religion


You were on level 8 of the Dungeon.
You worshipped Gozag.
Gozag was pleased with you.
You were not hungry.

You visited 2 branches of the dungeon, and saw 10 of its levels.
You also visited: Ossuary.

You collected 961 gold pieces.
You paid 89 gold pieces to Gozag.

Inventory:

Hand Weapons
 a - a +2 rapier of freezing (weapon)
 y - a +0 whip of venom
 z - a +0 dagger of flaming
 A - a +0 dagger of venom
Missiles
 e - 348 stones
 l - 7 tomahawks (quivered)
Armour
 b - a +1 shield (worn)
Jewellery
 j - a ring of stealth (left tentacle)
 k - a +3 ring of dexterity (right tentacle)
Scrolls
 h - 2 scrolls of identify
 n - 3 scrolls of recharging
 p - 10 scrolls of remove curse
 v - a scroll of random uselessness
 B - a scroll of fog
Potions
 g - a potion of flight
 o - 3 potions of magic
 w - a potion of cancellation
Books
 f - a book of Callings

   Spells                             Type                      Level
   a - Summon Small Mammal            Summoning                    1
   b - Call Imp                       Summoning                    2
   c - Call Canine Familiar           Summoning                    3
   d - Summon Guardian Golem          Hexes/Summoning              3
   e - Summon Lightning Spire         Summoning/Air                4
   f - Summon Ice Beast               Ice/Summoning                4
 q - Sif Muna's Papyrus of Benedictions
   (You found it on level 3 of the Dungeon)

   Spells                             Type                      Level
   a - Infusion                       Charms                       1
 r - a book of Maledictions

   Spells                             Type                      Level
   a - Corona                         Hexes                        1
   b - Ensorcelled Hibernation        Hexes/Ice                    2
   c - Confuse                        Hexes                        3
   d - Tukima's Dance                 Hexes                        3
   e - Dazzling Spray                 Conjuration/Hexes            3
Comestibles
 d - 5 bread rations
 i - 5 meat rations


   Skills:
 - Level 3.0 Fighting
 - Level 2.0 Short Blades
 * Level 4.2 Dodging
 - Level 16.4 Stealth
 * Level 4.3 Shields


You had 6 spell levels left.
You knew the following spells:

 Your Spells              Type           Power        Failure   Level  Hunger
a - Infusion              Chrm           #...         98%         1    ##.....
b - Corona                Hex            #......      98%         1    ##.....


Dungeon Overview and Level Annotations

Branches:
Dungeon (9/15)             Temple (1/1) D:4
   Lair: D:8-11         Orc: D:9-12

Altars:
Ashenzari
Cheibriados
Dithmenos
Elyvilon
Gozag
Hepliaklqana
Kikubaaqudgha
Makhleb
Nemelex Xobeh
Okawaru
Qazlal
Ru
Sif Muna
Trog
Uskayaw
Vehumet
Wu Jian
Xom
Yredelemnul
Zin
The Shining One

Annotations:
D:4 dogface's ghost, amateur OpCK


Innate Abilities, Weirdness & Mutations

You cannot wear most types of armour.
You are very stealthy in the water. (Stealth+)
You are amphibious.
You can wear up to eight rings at the same time.
You can use your tentacles to constrict eight enemies at once.
Your skin changes colour to match your surroundings (Stealth+).
Your rubbery body absorbs attacks. (AC +1, EV +1)
One of your tentacles bears a spike.
You are surrounded by a mild repulsion field. (EV +2)
You are dopey. (Int -2)
You are resistant to electric shocks. (rElec)


Message History

The ice beast barely misses you. You block the troll's attack. x2
The troll barely misses you.
You feel extremely strange.
You feel genetically unstable.
One of your lower tentacles grows a sharp spike.
You feel stupid.
You feel insulated. The ice beast misses you. The troll completely misses you.
The troll barely misses you. You block the troll's attack.
The ice beast hits you. The ice beast freezes you!
* * * LOW HITPOINT WARNING * * *
Things that are here:
15 gold pieces; an uncursed shortbow; 10 arrows You hit the ice beast.
Your tentacle spike misses the ice beast.
The ice beast is almost dead.
The ice beast hits you.
* * * LOW HITPOINT WARNING * * *
The ice beast freezes you.
You die...
Your body crumbles into a pile of gold.

.. #.##
..###....# #
#.. ....#....#
..# ###.....(#
#####...(#
##........#
.##.....O.(.##
...........(.##
#.....YT.....#
#$....@......#
##...........#
##..$#...#..#
############


You could see a two-headed ogre, a troll and an ice beast.

Vanquished Creatures
  A hungry ghost (D:7)
  The ghost of jlc4533 the Sneak, an amateur OpMo (Ossuary)
  A black bear (D:5)
  A phantom (D:5)
  3 ogres
  The ghost of Zalbag the Charmwright, an amateur BaWn (D:3)
  3 centaurs
  2 bullfrogs (D:7)
  An elf zombie (Ossuary)
  11 killer bees (D:7)
  2 howler monkeys (D:7)
  3 crimson imps
  2 centaur zombies
  A bullfrog zombie (D:5)
  2 jellies (D:7)
  An orc priest (D:7)
  2 hounds
  A bullfrog skeleton (D:4)
  A human zombie (Ossuary)
  3 iguanas
  Terence (D:3)
  A centaur skeleton (D:6)
  7 orc wizards
  4 worker ants
  2 big kobold zombies (Ossuary)
  A hound zombie (Ossuary)
  A hound skeleton (D:9)
  3 mummies (Ossuary)
  2 worker ant zombies
  10 gnolls
  5 adders
  A shadow imp (D:5)
  An ooze (D:3)
  7 adder zombies
  3 worms (D:2)
  2 dart slugs
  6 leopard geckos
  14 orcs
  7 bats
  6 giant cockroaches
  3 goblins
  3 hobgoblins
  7 jackals
  8 kobolds
  5 quokkas
  A ball python (D:4)
  7 frilled lizards
  3 goblin zombies (Ossuary)
  4 hobgoblin zombies (Ossuary)
  A jackal skeleton (D:5)
  3 jackal zombies (Ossuary)
  4 kobold zombies (Ossuary)
  4 orc zombies (Ossuary)
  3 quokka zombies (Ossuary)
  8 rats
  2 rat zombies (Ossuary)
193 creatures vanquished.

Notes
Turn   | Place    | Note
-------+----------+-------------------------------------------
     0 | D:1      | Krakonus1 the Octopode Fighter began the quest for the Orb.
     0 | D:1      | Reached XP level 1. HP: 16/16 MP: 1/1
    40 | D:1      | Reached skill level 1 in Stealth
   106 | D:1      | Reached skill level 2 in Stealth
   106 | D:1      | Reached XP level 2. HP: 18/21 MP: 2/2
   207 | D:1      | Reached skill level 3 in Stealth
   556 | D:1      | Reached XP level 3. HP: 26/26 MP: 3/3
   700 | D:2      | Reached skill level 4 in Stealth
   849 | D:2      | Found a burning altar of Makhleb.
  1060 | D:2      | Reached skill level 5 in Stealth
  1060 | D:2      | Reached XP level 4. HP: 23/31 MP: 4/4
  1628 | D:3      | Noticed Terence
  1632 | D:3      | Noticed Zalbag's ghost (amateur BaWn)
  1632 | D:3      | Killed Terence
  1632 | D:3      | Reached skill level 6 in Stealth
  1899 | D:3      | Found a deep blue altar of Sif Muna.
  1910 | D:3      | Reached XP level 5. HP: 36/36 MP: 5/5
  1912 | D:3      | Reached skill level 7 in Stealth
  1914 | D:3      | Identified Sif Muna's Papyrus of Benedictions
  1932 | D:3      | Learned a level 1 spell: Infusion
  2050 | D:3      | Noticed a hand axe
  2051 | D:3      | Noticed a hand axe
  2053 | D:3      | Found a hide-covered altar of Uskayaw.
  2551 | D:3      | Killed Zalbag's ghost
  2551 | D:3      | Reached skill level 8 in Stealth
  2551 | D:3      | Reached XP level 6. HP: 21/42 MP: 6/6
  2792 | D:3      | Found a shattered altar of Ashenzari.
  2925 | D:4      | Found a staircase to the Ecumenical Temple.
  2932 | Temple   | Entered the Ecumenical Temple
  3016 | Temple   | Became a worshipper of Elyvilon the Healer
  3262 | D:4      | Reached skill level 9 in Stealth
  3630 | D:4      | Reached skill level 10 in Stealth
  3630 | D:4      | Reached XP level 7. HP: 46/46 MP: 7/7
  3800 | D:4      | Reached * piety under Elyvilon
  3978 | D:5      | Entered Level 5 of the Dungeon
  4475 | D:4      | Noticed dogface's ghost (amateur OpCK)
  4982 | D:5      | Gained mutation: You do not regenerate when monsters are visible. [potion of mutation]
  4982 | D:5      | Gained mutation: You expend magic power (3 MP) to strengthen your wands. [potion of mutation]
  4982 | D:5      | Gained mutation: Your mind is acute. (Int +2) [potion of mutation]
  4983 | D:5      | Lost mutation: Your mind is acute. (Int +2) [potion of mutation]
  4983 | D:5      | Lost mutation: You expend magic power (3 MP) to strengthen your wands. [potion of mutation]
  4983 | D:5      | Lost mutation: You do not regenerate when monsters are visible. [potion of mutation]
  4983 | D:5      | Gained mutation: Your mind is acute. (Int +2) [potion of mutation]
  4983 | D:5      | Gained mutation: You are surrounded by a mild repulsion field. (EV +2) [potion of mutation]
  4983 | D:5      | Gained mutation: You have a beak for a mouth. [potion of mutation]
  5344 | D:5      | Reached skill level 11 in Stealth
  5835 | D:5      | Reached skill level 12 in Stealth
  5837 | D:5      | Reached XP level 8. HP: 35/52 MP: 8/8
  6050 | D:6      | Learned a level 1 spell: Corona
  6288 | D:6      | Reached ** piety under Elyvilon
  6369 | D:6      | Found an opulent altar of Gozag.
  6392 | D:6      | Fell from the grace of Elyvilon
  6392 | D:6      | Became a worshipper of Gozag Ym Sagoz the Greedy
  6908 | D:6      | Reached skill level 13 in Stealth
  7165 | D:7      | Reached skill level 14 in Stealth
  7201 | D:7      | Found a sand-covered staircase.
  7217 | D:7      | Reached XP level 9. HP: 8/56 MP: 9/9
  7224 | Ossuary  | Entered an ossuary
  7489 | Ossuary  | Noticed jlc4533's ghost (amateur OpMo)
  7527 | Ossuary  | Killed jlc4533's ghost
  7527 | Ossuary  | Reached skill level 15 in Stealth
  7952 | D:7      | Reached skill level 16 in Stealth
  9387 | D:8      | Noticed a two-headed ogre
  9486 | D:8      | Noticed a troll
  9513 | D:8      | Lost mutation: Your mind is acute. (Int +2) [potion of mutation]
  9513 | D:8      | Lost mutation: You have a beak for a mouth. [potion of mutation]
  9513 | D:8      | Lost mutation: You are surrounded by a mild repulsion field. (EV +2) [potion of mutation]
  9513 | D:8      | Gained mutation: You are surrounded by a mild repulsion field. (EV +2) [potion of mutation]
  9513 | D:8      | Gained mutation: You are somewhat resistant to further mutation. [potion of mutation]
  9514 | D:8      | Lost mutation: You are somewhat resistant to further mutation. [potion of mutation]
  9514 | D:8      | Gained mutation: One of your tentacles bears a spike. [potion of mutation]
  9514 | D:8      | Gained mutation: You are dopey. (Int -2) [potion of mutation]
  9514 | D:8      | Gained mutation: You are resistant to electric shocks. (rElec) [potion of mutation]
  9516 | D:8      | Slain by an ice beast

Vault maps used:
D:1:      lightli_arrival_statue_moat
D:2:      nicolae_overflow_crystal_walls, roderic_lattice_a,
          minmay_misc_feat_encased, hangedman_decor_clover_reticule, st_stairs_3
D:3:      led_sif_book, ashenzari_conservatory_becter, dancing_weapons_uskayaw,
          uniq_terence
D:4:      minmay_temple_entry_hall, minmay_statues_item,
          minmay_misc_feat_columns, st_stairs_14
D:5:      first_bread
D:6:      nicolae_gozag_seed_capital
D:7:      nicolae_ossuary_entry_ruins, corexii_item_surrounded_by_moat
D:8:      hangedman_pestilent_swarm
D:9:      tgw_fedhas, lair_entry_dummy, hiddenorc2_lemuel
Temple:   nicolae_temple_x_marks_the_god
Ossuary:  minmay_ossuary_two_tombs

Skill      XL: |  1  2  3  4  5  6  7  8  9 |
---------------+----------------------------+-----
Stealth        | 2 3 5 6 8 10 12 14 16 | 16.4
Dodging        | 4 |  4.2
Shields        | 4 |  4.3
Fighting       | |  3.0
Short Blades   | |  2.0

Action                   |  1- 3 |  4- 6 |  7- 9 || total
-------------------------+-------+-------+-------++-------
Melee: Rapier            |    45 |    75 |   254 ||   374
       Constrict         |    14 |    10 |    56 ||    80
       Tentacles         |     7 |    14 |    75 ||    96
       Peck              |       |       |    72 ||    72
       Dagger            |       |       |    71 ||    71
Throw: Stone             |       |     5 |       ||     5
       Tomahawk          |       |     3 |    12 ||    15
Invok: Potion Petition   |       |       |     1 ||     1
  Use: Scroll            |       |     7 |    13 ||    20
       Potion            |       |     6 |    12 ||    18
 Stab: Sleeping          |    17 |    15 |    33 ||    65
       Distracted        |       |     1 |     7 ||     8
  Eat: Chunk             |       |     8 |     8 ||    16
       Fruit             |       |       |     8 ||     8
       Meat ration       |       |       |     1 ||     1
       Royal jelly       |       |       |     1 ||     1
Armor: Skin              |     2 |     1 |     7 ||    10
Dodge: Dodged            |    10 |    32 |   171 ||   213
Block: Shield            |    14 |    20 |   110 ||   144
